Map: Bel'Shir Vestige LE (Void)

Players

Krr

  • Race: Protoss Protoss
  • Spawn Location: 5:00

ParanOid - Winner!

  • Race: Zerg Zerg
  • Spawn Location: 11:00

Event: IEM XI Katowice - World Championship 2017

VOD

Have the link to the VOD?

Description

Time

  • Played on: Feb. 28, 2017, 5:37 a.m.
  • Length: 9:27

All games in this series

Show
View Real Time Build Order
Export as new Build Order

Krr Protoss 

Build Orders: 1 Gate Expand, Oracle Opening, Zealot Archon 

Get SALT Encoding   

  12  0:01  Probe (Chrono Boost)  
  13  0:11  Probe (Chrono Boost)  
  14  0:20  Pylon  
  14  0:23  Probe (Chrono Boost)  
  15  0:38  Probe (Chrono Boost)  
  16  0:43  Gateway  
  16  0:48  Probe (Chrono Boost)  
  17  0:53  Assimilator  
  17  0:59  Probe (Chrono Boost)  
  18  1:09  Probe (Chrono Boost)  
  19  1:21  Nexus  
  19  1:32  Cybernetics Core  
  19  1:35  Probe (Chrono Boost)  
  20  1:43  Assimilator  
  20  1:45  Probe (Chrono Boost)  
  21  1:56  Pylon, Probe (Chrono Boost)  
  22  2:08  Probe (Chrono Boost)  
  23  2:10  Adept  
  25  2:20  Stargate, Probe (Chrono Boost)  
  26  2:23  Warp Gate  
  26  2:32  Probe (Chrono Boost)  
  26  2:33  Probe (Chrono Boost)  
  26  2:34  Adept  
  28  2:44  Probe x2 (Chrono Boost)  
  32  2:54  Probe (Chrono Boost)  
  32  2:55  Gateway  
  32  2:56  Probe (Chrono Boost)  
  32  2:58  Oracle  
  34  3:05  Probe (Chrono Boost)  
  38  3:08  Probe (Chrono Boost)  
  38  3:11  Adept  
  41  3:15  Probe (Chrono Boost)  
  43  3:20  Pylon, Probe (Chrono Boost)  
  43  3:27  Gateway  
  43  3:31  Probe (Chrono Boost)  
  43  3:33  Oracle  
  45  3:35  Probe (Chrono Boost)  
  48  3:44  Probe (Chrono Boost)  
  48  3:47  Pylon, Probe (Chrono Boost)  
  51  3:56  Probe (Chrono Boost)  
  51  3:59  Probe (Chrono Boost)  
  52  4:08  Nexus, Void Ray  
  52  4:10  Pylon  
  56  4:19  Probe x2 (Chrono Boost)  
  56  4:22  Assimilator  
  58  4:25  Assimilator  
  60  4:31  Probe (Chrono Boost)  
  60  4:32  Probe (Chrono Boost)  
  56  4:38  Pylon  
  56  4:43  Probe (Chrono Boost)  
  56  4:44  Probe (Chrono Boost)  
  58  4:48  Zealot x3  
  64  4:56  Probe (Chrono Boost)  
  64  4:57  Mothership Core (Chrono Boost)  
  67  5:02  Robotics Facility  
  67  5:07  Twilight Council  
  68  5:08  Probe (Chrono Boost), Forge  
  68  5:17  Probe (Chrono Boost)  
  68  5:20  Probe (Chrono Boost)  
  68  5:21  Probe (Chrono Boost)  
  71  5:24  Zealot x3  
  78  5:29  Probe (Chrono Boost)  
  78  5:32  Probe (Chrono Boost)  
  78  5:35  Probe (Chrono Boost)  
  80  5:41  Probe (Chrono Boost)  
  82  5:44  Probe (Chrono Boost), Immortal  
  82  5:47  Probe (Chrono Boost)  
  82  5:48  Assimilator  
  82  5:49  Assimilator  
  87  5:52  Protoss Ground Weapons Level 1, Charge  
  87  5:53  Probe (Chrono Boost)  
  87  5:54  Templar Archives  
  87  5:56  Probe (Chrono Boost)  
  89  6:03  Probe (Chrono Boost)  
  91  6:04  Pylon  
  91  6:05  Probe (Chrono Boost)  
  91  6:06  Pylon  
  91  6:08  Probe (Chrono Boost)  
  92  6:11  Gateway  
  92  6:12  Gateway  
  93  6:19  Probe (Chrono Boost)  
  93  6:21  Pylon  
  93  6:22  Pylon  
  93  6:23  Immortal  
  93  6:24  Probe (Chrono Boost)  
  98  6:35  Gateway x2  
  98  6:44  Gateway  
  98  6:46  Gateway  
  98  6:48  Gateway  
  98  6:49  Phoenix  
  98  6:53  Stargate  
  100  6:58  Stargate  
  100  7:00  Pylon  
  100  7:02  Pylon, Observer, Photon Cannon  
  101  7:10  Phoenix  
  101  7:12  Photon Cannon  
  103  7:16  Pylon  
  103  7:18  Fleet Beacon  
  103  7:27  Photon Cannon  
  103  7:29  Photon Cannon  
  103  7:34  Phoenix  
  103  7:35  Phoenix  
  103  7:38  Warp Prism  
  103  7:40  Phoenix  
  111  7:50  High Templar x2  
  111  7:51  Zealot  
  117  7:52  Zealot x3  
  117  7:55  Archon  
  117  7:56  Phoenix  
  117  7:57  Zealot x2  
  117  7:58  Zealot  
  129  8:02  Anion Pulse-Crystals  
  131  8:13  Zealot x2, High Templar x2  
  139  8:21  Zealot x2, Sentry  
  141  8:31  Archon  
  109  8:35  Zealot x3, Sentry  
  85  8:44  Zealot x3  
  85  8:45  Zealot x2  
  57  8:55  Zealot x2  
  57  8:56  Zealot  
  57  8:59  Zealot  
  57  9:00  Phoenix  
  60  9:04  Zealot x2  
  60  9:08  Zealot  
  61  9:11  Zealot  
  43  9:17  Zealot  
  43  9:19  Zealot  
Show
View Real Time Build Order
Export as new Build Order

ParanOid Zerg - Winner!

Build Orders: Pool First, Muta Ling Bane 

Get SALT Encoding   

  12  0:03  Drone  
  13  0:13  Overlord  
  13  0:17  Drone  
  14  0:32  Drone x2  
  16  0:37  Drone  
  17  0:46  Spawning Pool  
  17  0:47  Extractor  
  17  0:49  Drone  
  17  0:57  Drone  
  17  1:08  Drone  
  18  1:19  Drone  
  19  1:28  Hatchery  
  19  1:30  Drone  
  19  1:36  Queen  
  21  1:40  Zergling x2  
  22  1:52  Overlord  
  22  1:53  Metabolic Boost  
  22  2:14  Drone  
  23  2:18  Hatchery  
  23  2:22  Drone  
  23  2:23  Drone  
  24  2:32  Queen  
  26  2:37  Drone  
  26  2:41  Drone  
  28  2:46  Drone x2  
  28  2:49  Zergling x2  
  31  2:52  Drone  
  31  2:56  Drone  
  33  3:02  Drone x2  
  35  3:10  Overlord  
  35  3:13  Drone  
  35  3:17  Spore Crawler  
  35  3:19  Spore Crawler  
  34  3:20  Drone  
  34  3:24  Drone  
  36  3:32  Queen  
  36  3:33  Spore Crawler  
  37  3:37  Drone x2  
  39  3:42  Drone  
  39  3:44  Zergling x4  
  39  3:47  Zergling x4  
  44  3:53  Overlord  
  44  4:05  Drone x6  
  50  4:16  Drone x3  
  53  4:28  Drone  
  53  4:29  Drone x6  
  53  4:30  Overlord  
  55  4:38  Overlord  
  55  4:41  Drone x2  
  55  4:42  Drone  
  55  4:43  Overlord  
  58  4:46  Overlord, Evolution Chamber  
  58  4:49  Drone x2  
  58  4:50  Drone  
  60  4:55  Drone x2  
  60  4:57  Drone  
  63  5:01  Lair  
  63  5:03  Baneling Nest  
  63  5:04  Drone x3  
  63  5:06  Queen  
  67  5:10  Extractor  
  66  5:14  Zerg Melee Weapons Level 1  
  66  5:20  Extractor, Drone x3  
  66  5:21  Drone x3  
  70  5:25  Drone  
  70  5:26  Drone x2  
  70  5:28  Overlord  
  73  5:35  Extractor  
  73  5:36  Drone  
  73  5:37  Extractor  
  73  5:38  Extractor  
  73  5:39  Drone  
  73  5:40  Drone x3  
  73  5:42  Drone  
  72  5:48  Hatchery  
  71  5:51  Drone x3  
  71  5:52  Drone x3  
  71  5:53  Drone x2  
  79  6:02  Hydralisk Den  
  78  6:05  Spire  
  78  6:06  Overlord  
  78  6:07  Overlord x3  
  78  6:09  Pneumatized Carapace  
  76  6:15  Drone x3  
  79  6:19  Overlord  
  79  6:20  Overlord x2  
  78  6:29  Centrifical Hooks  
  78  6:32  Hydralisk  
  78  6:33  Hydralisk x4  
  88  6:41  Muscular Augments  
  88  6:54  Overlord  
  88  6:58  Overseer  
  88  7:11  Zergling x2  
  88  7:12  Zergling x40  
  109  7:15  Hatchery  
  109  7:18  Mutalisk x4  
  109  7:19  Mutalisk  
  118  7:32  Hydralisk x5  
  118  7:33  Hydralisk  
  118  7:36  Overlord  
  130  7:49  Zergling x14  
  130  7:50  Zergling x12  
  143  7:58  Baneling x15  
  143  8:03  Baneling x5  
  143  8:04  Baneling  
  143  8:09  Zergling x10  
  148  8:23  Baneling x13  
  129  8:40  Hydralisk  
  117  8:44  Zergling x36  
  117  8:45  Zergling x4  
  128  8:50  Queen  
  128  8:55  Hydralisk x3  
  125  8:57  Zergling x2  

Tags
 
Add a new tag
Caveats
  • Supply blocks, unpowered buildings, or Contaminate may cause inaccurate times.
  • Supply counts are checked every 10 seconds.